 Dungeon Crawl Stone Soup version 0.27-a0-1065-ge809cff456 (webtiles) character file.

Game seed: 2860769050066492559

37 kae the Ruffian (level 3, 0/28 HPs)
             Began as a Draconian Transmuter on Apr 22, 2021.
             Slain by Sigmund
             ... wielding a +0 scythe
              (11 damage)
             ... on level 2 of the Dungeon.
             The game lasted 00:00:42 (1600 turns).

kae the Ruffian (Draconian Transmuter)              Turns: 1600, Time: 00:00:43

Health: 0/28       AC:  5    Str: 13    XL:     3   Next: 21%
Magic:  3/6        EV: 12    Int: 13    God:
Gold:   43         SH:  0    Dex: 11    Spells: 2/6 levels left

rFire    . . .     SeeInvis .     - Unarmed
rCold    . . .     Faith    .   (no shield)
rNeg     . . .     Spirit   .   (armour unavailable)
rPois    .         Reflect  .   (helmet currently unavailable)
rElec    .         Harm     .   (no cloak)
rCorr    .         Rampage  .   (no gloves)
Will     .....                  (boots currently unavailable)
Stlth    +.........             (no amulet)
HPRegen  0.09/turn              (no ring)
MPRegen  0.10/turn              (no ring)

@: lethally poisoned (0 -> -2), appendages, very slightly contaminated
A: horns 2, talons 2, AC +5, unfitting armour, cold-blooded
a: End Transformation


You were on level 2 of the Dungeon.
You had temporarily grown beastly horns and talons.
You visited 1 branch of the dungeon, and saw 2 of its levels.

You collected 43 gold pieces.

Inventory:

Missiles
 g - 2 atropa-tipped darts
Armour
 c - a +1 pair of boots (melded)
Scrolls
 b - 2 scrolls of vulnerability
 e - a scroll of identify
Potions
 f - 2 potions of curing {unknown}


   Skills:
 + Level 1.4 Fighting
 + Level 2.1 Dodging
 * Level 3.4 Unarmed Combat
 + Level 2.1 Spellcasting
 * Level 2.6 Transmutations


You had 2 spell levels left.
You knew the following spells:

 Your Spells              Type           Power      Damage    Failure   Level
a - Beastly Appendage     Tmut           16%        N/A       9%          1
b - Spider Form           Tmut/Pois      2%         N/A       41%         3

Your spell library contained the following spells:

 Spells                   Type           Power      Damage    Failure   Level
 Wereblood                Tmut           8%         N/A       13%         2
 Ice Form                 Ice/Tmut       4%         N/A       82%         4
 Hydra Form               Tmut           4%         N/A       94%         5


Dungeon Overview and Level Annotations

Branches:
Dungeon (2/15)

Altars:

Annotations:
D:2 Sigmund


Innate Abilities, Weirdness & Mutations

You have temporarily grown beastly horns and talons.
Your plain brown scales are hard. (AC +5)
You cannot fit into any form of body armour.
You are cold-blooded and may be slowed by cold attacks.


Message History

The ball python misses you. The ball python barely misses you.
Sigmund points at himself and mumbles some strange words.
Sigmund flickers and vanishes!
Deactivating autopickup; reactivate with Ctrl-A.
Found 12 gold pieces.
A ball python is nearby!
You hit the ball python.
You kill the ball python!
Something hits you.
A dart slug comes into view.
Something hits you! The dart slug launches a dart at you.
The slug dart hits you.
A dart slug is nearby!
You are too injured to fight recklessly!
You are too injured to fight recklessly!
You are too injured to fight recklessly!
You are too injured to fight recklessly!
Okay, then.
As you read the scroll labelled JISAMO RYAM, it crumbles to dust.
It is a scroll of enchant armour.
Your +0 pair of boots glows green for a moment.
Something hits you.
* * * LOW HITPOINT WARNING * * *
Okay, then.
You feel much better.
You hear some strange, mumbled words.
Something tries to affect you, but you resist.
Casting: Beastly Appendage (safe; 9% risk of failure)
Confirm with . or Enter, or press ? or * to list all spells.
The spell is extremely dangerous to cast (41% risk of failure)!
Continue anyway? [Y]es or [N]o only, please.
The spell is extremely dangerous to cast (41% risk of failure)!
Continue anyway?
You miscast Spider Form.
You are very lightly contaminated with residual magic.
You feel odd!
You are poisoned.
You feel sick. Something hits you.
You feel sick. Something hits you!
You die...

.....................
..[.....#####........
........#####........
........#............
........#............
.....................
..........#########..
..........# .
........@.####..
....w...........$
.........{.......
#####............
#...........#
#...........#
#...........#
#...........#
#...........


You could see a dart slug.

Vanquished Creatures
  An adder (D:2)
  2 worms (D:2)
  4 ball pythons
  3 endoplasms
  A giant cockroach (D:2)
  A hobgoblin (D:2)
  A jackal (D:1)
  2 quokkas (D:2)
  2 bats (D:1)
  A frilled lizard (D:1)
  A kobold (D:1)
  2 rats (D:1)
21 creatures vanquished.

Notes
Turn   | Place    | Note
-------+----------+-------------------------------------------
     0 | D:1      | kae the Draconian Transmuter began the quest for the Orb.
     0 | D:1      | Reached XP level 1. HP: 16/16 MP: 3/3
   613 | D:1      | Reached XP level 2. HP: 20/23 MP: 5/5
  1413 | D:2      | Reached XP level 3. HP: 16/28 MP: 6/6
  1417 | D:2      | Learned a level 3 spell: Spider Form
  1590 | D:2      | Noticed Sigmund
  1600 | D:2      | Slain by Sigmund

Illustrated notes

Levels and vault maps discovered:
D:1:      matt_arrival_diagonals, layout_basic, minmay_quantized
D:2:      layout_basic, uniq_sigmund

Skill      XL: |  1  2 |
---------------+-------+-----
Dodging        | 2 |  2.1
Fighting       | |  1.4
Unarmed Combat | |  3.4
Spellcasting   | |  2.1
Transmutations | |  2.6

Action                   || total
-------------------------++-------
Melee: Unarmed           ||    54
       Tailslap          ||     7
       Headbutt          ||     7
       Kick              ||     6
 Cast: Beastly Appendage ||    13
  Use: Scroll            ||     4
       Potion            ||     1
Armor: Skin              ||    19
Dodge: Dodged            ||    31

Table legend: (Time is in decaauts)
 A = Elapsed time spent in this place.
 B = Non-inter-level travel time spent in this place.
 C = Inter-level travel time spent in this place.
 D = Time resting spent in this place.
 E = Time spent auto-exploring this place.
 F = Levels seen in this place.
 G = Mean time per level.
                   A        B        C        D        E       F      G
               +--------+--------+--------+--------+--------+-----+--------+
         Total |   1597 |   1529 |     68 |      2 |   1380 |   2 |  798.5 |
       Dungeon |   1597 |   1529 |     68 |      2 |   1380 |   2 |  798.5 |
               +--------+--------+--------+--------+--------+-----+--------+

Top non-repeatable levels by time:
     D:1: 839 daAuts
     D:2: 758 daAuts
